 Dungeon Crawl Stone Soup version 0.30-a0-371-gad7725a93e (webtiles) character file.

Game seed: 12635897467149188236

581 Elric the Sneak (level 7, -10/41 HPs)
             Began as an Octopode Conjurer on Nov 22, 2022.
             Was an Initiate of Nemelex Xobeh.
             Killed from afar by a steam dragon (24 damage)
             ... with a ball of steam
             ... on level 6 of the Dungeon.
             The game lasted 00:04:59 (2862 turns).

Elric the Sneak (Octopode Conjurer)                 Turns: 2862, Time: 00:04:59

Health: -10/41     AC:  1    Str:  6    XL:     7   Next: 36%
Magic:  12/12      EV: 14    Int: 23    God:    Nemelex Xobeh [......]
Gold:   180        SH:  0    Dex: 10    Spells: 4/13 levels left

rFire   . . .      SeeInvis +    o - +10 falchion "Deidad" {flame, rPois rCorr SInv Stlth+}
rCold   . . .      Faith    .    (no shield)
rNeg    . . .      Spirit   .    (helmet restricted)
rPois   +          Reflect  .    i - amulet of magic regeneration
rElec   .          Harm     .    (no ring)
rCorr   +          Rampage  .    (no ring)
Will    .....                    (no ring)
Stlth   +++++.....               (no ring)
HPRegen 0.26/turn                (no ring)
MPRegen 0.53/turn                (no ring)
                                 (no ring)
                                 (no ring)

@: marked
A: almost no armour, amphibious, 8 rings, camouflage 1, gelatinous body 1,
(nimble swimmer 1), tentacles
a: Renounce Religion, Draw Escape, Draw Destruction, Draw Summoning


You were on level 6 of the Dungeon.
You worshipped Nemelex Xobeh.
Nemelex Xobeh was noncommittal.
You visited 2 branches of the dungeon, and saw 7 of its levels.

You collected 180 gold pieces.

Inventory:

Hand Weapons
 e - a +1 dagger of flaming
 o - the +10 falchion "Deidad" (weapon) {flame, rPois rCorr SInv Stlth+}
   (You found it on level 2 of the Dungeon)

   It burns those it strikes, dealing additional fire damage.
   Big, fiery blades are also staple armaments of hydra-hunters.
   rPois:     It protects you from poison.
   SInv:      It lets you see invisible.
   rCorr:     It protects you from acid and corrosion.
   Stlth:     It makes you more stealthy.
Jewellery
 i - an amulet of magic regeneration (around mantle)
 t - a ring of positive energy
Wands
 r - a wand of flame (11)
 s - a wand of polymorph (12)
Scrolls
 d - 5 scrolls of teleportation {unknown}
 g - a scroll of enchant weapon {unknown}
 h - 3 scrolls of fog {unknown}
 j - 2 scrolls of identify {unknown}
 k - a scroll of enchant armour {unknown}
 l - a scroll of summoning {unknown}
Potions
 a - a potion of magic
 b - 2 potions of degeneration {unknown}
 c - 3 potions of curing {unknown}
 f - 3 potions of might {unknown}
 m - 2 potions of resistance {unknown}
 n - a potion of berserk rage {unknown}
 p - a potion of attraction {unknown}
 q - 2 potions of brilliance {unknown}


   Skills:
 + Level 4.2 Dodging
 + Level 5.9 Stealth
 + Level 3.8 Spellcasting
 + Level 5.5 Conjurations
 * Level 0.9 Invocations


You had 4 spell levels left.
You knew the following spells:

 Your Spells              Type           Power      Damage    Failure   Level
a - Magic Dart            Conj           100%       1d8       1%          1
b - Fulminant Prism       Conj/Hex       8%         3d6       32%         4
c - Iskenderun's Mystic   Conj/Tloc      17%        2d5       32%         4

Your spell library contained the following spells:

 Spells                   Type           Power      Damage    Failure   Level
 Searing Ray              Conj           60%        2d6       1%          2
 Dazzling Flash           Conj/Hex       34%        N/A       10%         3
 Inner Flame              Hex/Fire       4%         N/A       32%         3
 Flame Wave               Conj/Fire      17%        2d7       32%         4
 Sticky Flame             Conj/Fire      17%        2d4       32%         4


Dungeon Overview and Level Annotations

Branches:
Dungeon (7/15)             Temple (1/1) D:6

Altars:
Cheibriados
Fedhas
Gozag
Makhleb
Nemelex Xobeh
Okawaru
Sif Muna
Xom
Lugonu

Annotations:
D:2 1 runed translucent door, Crazy Yiuf
D:6 Maggie


Innate Abilities, Weirdness & Mutations

You cannot wear most types of armour.
You are amphibious.
You can wear up to eight rings at the same time.
Your skin changes colour to match your surroundings (Stealth+).
Your rubbery body absorbs attacks. (AC +1, EV +1)
((You are camouflaged when in or above water. (Stealth+)))
You have tentacles for arms and can constrict up to eight enemies at once.


Message History

You kill the adder!
An orc wizard comes into view. It is wielding a +0 dagger.
An orc comes into view. It is wielding a +0 morningstar.
An orc comes into view. It is wielding a +0 hand axe.
A shadow imp comes into view.
You see here an adder corpse.
The orc wizard mumbles some strange words.
The orc wizard flickers and vanishes for a moment.
The orc misses you.
A shadow imp comes into view.
Casting: Iskenderun's Mystic Blast (extremely dangerous; 34% risk of failure)
Confirm with . or Enter, or press ? or * to list all spells.
The spell is extremely dangerous to miscast (34% risk of failure)!
Continue anyway?
You erupt in a blast of force!
The mystic blast hits the orc.
The orc is almost dead.
The orc is knocked back by the mystic blast.
The orc collides with the shadow imp!
The shadow imp is moderately wounded.
You kill the orc!
The mystic blast hits the orc!
You kill the orc!
The mystic blast hits the orc!
You kill the orc!
The shadow imp gestures at you. Pain shoots through your body!
You see here an adder corpse.
A steam dragon comes into view.
An orc comes into view. It is wielding a +0 mace.
An orc comes into view. It is wielding a +0 short sword.
The steam dragon breathes steam at you. The ball of steam hits you!!
The orc moves out of view.
Maggie the Vainglorious comes into view.
She is wielding a +1 long sword of flaming.
Maggie mumbles some strange words.
Maggie attempts to bespell you! You resist with some effort.
The orc is engulfed in a cloud of scalding steam. x2
The steam dragon breathes steam at you. The ball of steam hits you!!
Ouch! That really hurt!
You die...
Your body disappears without a glow.

........................
........................
............###.........
...........####.........
............##.†........
.........##.8.#.........
......#..#..@...>.......
#######..#8.>.8.........
#.@#..............
##)§#.8.#.........
#.§######........ .
###§§### ##.......
....#####..o.D§# .......
.....))oo..5..oDoo......##
##....).5...###§....
#...###....## ....# #..
##..## ...#


You could see an orc wizard (invisible) and a shadow imp.

Vanquished Creatures
  Sigmund (D:2)
  Edmund (Temple)
  A phantom (D:7)
  A scorpion (D:6)
  Natasha (thrice) (D:3)
  A gnoll (D:7)
  4 adders
  A worm (D:3)
  2 dart slugs (D:3)
  8 orcs
  6 bats
  8 endoplasms
  4 giant cockroaches
  4 hobgoblins
  3 kobolds
  2 quokkas
  3 ball pythons
  6 goblins
  5 rats
64 creatures vanquished.

Vanquished Creatures (others)
  2 demonic plants (Temple)
2 creatures vanquished.

Grand Total: 66 creatures vanquished

Notes
Turn   | Place    | Note
-------+----------+-------------------------------------------
     0 | D:1      | Elric the Octopode Conjurer began the quest for the Orb.
     0 | D:1      | Reached XP level 1. HP: 11/11 MP: 3/3
   464 | D:1      | Reached XP level 2. HP: 14/17 MP: 5/5
  1211 | D:2      | Found a runed translucent door.
  1212 | D:2      | Noticed Crazy Yiuf
  1275 | D:2      | Reached XP level 3. HP: 21/21 MP: 6/6
  1286 | D:2      | Noticed Sigmund
  1298 | D:2      | Killed Sigmund
  1299 | D:2      | Reached XP level 4. HP: 25/27 MP: 6/8
  1299 | D:2      | Reached XP level 5. HP: 28/31 MP: 6/9
  1347 | D:2      | Identified the +10 falchion "Deidad" {flame, rPois rCorr
                  | SInv Stlth+}
  1672 | D:3      | Found a burning altar of Makhleb.
  1725 | D:3      | Noticed Natasha
  1729 | D:3      | Killed Natasha
  1730 | D:3      | Reached XP level 6. HP: 36/36 MP: 8/10
  1763 | D:3      | Learned a level 4 spell: Fulminant Prism
  1768 | D:3      | Learned a level 4 spell: Iskenderun's Mystic Blast
  1845 | D:3      | Found a faded altar of an unknown god.
  1897 | D:3      | Reached skill level 5 in Conjurations
  2122 | D:3      | Noticed Natasha
  2127 | D:3      | Killed Natasha
  2128 | D:3      | Reached skill level 5 in Stealth
  2418 | D:3      | Noticed Natasha
  2422 | D:3      | Killed Natasha
  2465 | D:4      | You fall into a shaft and drop 3 floors!
  2595 | D:6      | Found a staircase to the Ecumenical Temple.
  2597 | D:6      | Noticed Edmund
  2607 | Temple   | Entered the Ecumenical Temple
  2619 | Temple   | Killed Edmund
  2620 | Temple   | Reached XP level 7. HP: 21/41 MP: 9/12
  2791 | Temple   | Became a worshipper of Nemelex Xobeh the Trickster
  2857 | D:6      | Noticed a steam dragon
  2860 | D:6      | Noticed Maggie
  2862 | D:6      | Killed from afar by a steam dragon

Illustrated notes

Levels and vault maps discovered:
D:1:      dpeg_arrival_solitude, layout_basic
D:2:      layout_basic, uniq_sigmund, uniq_crazy_yiuf_cottage
D:3:      layout_basic, mainiacjoe_overflow_surrounded_room,
          shapermc_ecumenical_altar_pompeii, uniq_natasha
D:4:      layout_gridville
D:6:      layout_layer_cave, minmay_temple_entry_statues_pillars,
          minmay_strange_pillars, uniq_edmund, uniq_maggie
D:7:      layout_basic, serial_shops, nicolae_shop_behind_doors, uniq_menkaure
Temple:   corrupted_temple

Skill      XL: |  1  2  3  4  5  6 |
---------------+-------------------+-----
Stealth        | 3 4 5 |  5.9
Dodging        | 3 4 |  4.2
Spellcasting   | 3 |  3.8
Conjurations   | 5 |  5.5
Invocations    | |  0.9

Action                   |  1- 3 |  4- 6 |  7- 9 || total
-------------------------+-------+-------+-------++-------
Melee: Dagger            |    28 |     4 |       ||    32
       Constrict         |     4 |     5 |       ||     9
       Tentacles         |     3 |     5 |     2 ||    10
       Punch             |     1 |       |       ||     1
       Falchion          |       |    34 |     7 ||    41
 Cast: Magic Dart        |     9 |    46 |       ||    55
       Iskenderun's Myst |       |     2 |     1 ||     3
Evoke: Wand              |       |     1 |       ||     1
 Stab: Sleeping          |    12 |     8 |       ||    20
       Distracted        |       |       |     1 ||     1
Armor: Skin              |       |    10 |       ||    10
Dodge: Dodged            |     9 |    14 |     9 ||    32

Table legend: (Time is in decaauts)
 A = Elapsed time spent in this place.
 B = Non-inter-level travel time spent in this place.
 C = Inter-level travel time spent in this place.
 D = Time resting spent in this place.
 E = Time spent auto-exploring this place.
 F = Levels seen in this place.
 G = Mean time per level.
                   A        B        C        D        E       F      G
               +--------+--------+--------+--------+--------+-----+--------+
         Total |   2872 |   2706 |    166 |    116 |   2109 |   7 |  410.3 |
       Dungeon |   2670 |   2538 |    132 |      0 |   2081 |   6 |  445.0 |
        Temple |    202 |    168 |     34 |    116 |     28 |   1 |  202.0 |
               +--------+--------+--------+--------+--------+-----+--------+

Top non-repeatable levels by time:
     D:1: 1022 daAuts
     D:3: 860 daAuts
     D:2: 560 daAuts
  Temple: 202 daAuts
     D:7: 130 daAuts
     D:6: 70 daAuts
     D:4: 25 daAuts
